 Dungeon Crawl Stone Soup version 0.29.1-2-gbd0b4ee654 (webtiles) character file.

Game seed: 17764033999518992616

4745 whiskeysaurus the Grappler (level 10, -4/100 HPs)
             Began as a Troll Fighter on Nov 1, 2022.
             Was a Believer of Wu Jian.
             Slain by a sixfirhy (11 damage)
             ... on level 1 of the Abyss.
             The game lasted 00:28:13 (6155 turns).

whiskeysaurus the Grappler (Troll Fighter)          Turns: 6155, Time: 00:28:16

Health: -4/100     AC:  4    Str: 36    XL:     10   Next: 22%
Magic:  9/9        EV:  9    Int:  4    God:    Wu Jian [**....]
Gold:   618        SH: 10    Dex:  9    Spells: 9/9 levels left

rFire   + . .      SeeInvis .     - Unarmed
rCold   . . .      Faith    .   b - +1 kite shield
rNeg    . . .      Spirit   .   a - +0 robe
rPois   .          Reflect  .   (helmet restricted)
rElec   .          Harm     .   (no cloak)
rCorr   .          Rampage  .   (gloves unavailable)
Will    .....                   (boots unavailable)
Stlth   +.........              (no amulet)
HPRegen 1.06/turn               t - ring of protection from fire
MPRegen 0.11/turn               w - +6 ring of strength

@: about to teleport
A: large, unfitting armour, claws 3, regeneration 1, shaggy fur 1, tough skin 1
a: Renounce Religion, Wall Jump


You were on level 1 of the Abyss.
You worshipped Wu Jian.
Wu Jian was pleased with you.
You visited 2 branches of the dungeon, and saw 9 of its levels.
You visited the Abyss 1 time.
You also visited: Ossuary and Bailey.

You collected 618 gold pieces.

Inventory:

Missiles
 e - 45 stones (quivered)
 G - 2 boomerangs
Armour
 a - a +0 robe (worn)
 b - a +1 kite shield (worn)
Magical Staves
 o - a staff of death
Jewellery
 l - an amulet of magic regeneration
 t - a ring of protection from fire (left claw)
 u - a ring of willpower
 w - a +6 ring of strength (right claw)
Scrolls
 d - 3 scrolls of identify
 g - a scroll of enchant weapon
 m - a scroll of magic mapping
 n - a scroll of teleportation
 q - a scroll of vulnerability {unknown}
 r - 2 scrolls of fear {unknown}
 s - 2 scrolls of immolation
 y - a scroll of enchant armour
 z - a scroll of fog {unknown}
Potions
 c - 2 potions of brilliance {unknown}
 f - 5 potions of mutation
 h - 9 potions of heal wounds
 i - 5 potions of flight
 j - 3 potions of magic
 k - 8 potions of curing
 v - 5 potions of haste
 x - a potion of berserk rage {unknown}
 A - a potion of degeneration {unknown}
 B - a potion of lignification {unknown}
 C - 2 potions of resistance {unknown}
 D - 2 potions of invisibility
 E - a potion of experience {unknown}
 F - a potion of cancellation {unknown}
 H - 3 potions of might


   Skills:
 + Level 6.8 Fighting
 - Level 2.4 Dodging
 + Level 7.4 Shields
 * Level 10.9 Unarmed Combat


You had 9 spell levels left.
You didn't know any spells.
Your spell library contained the following spells:

 Spells                   Type           Power      Damage    Failure   Level
 Beastly Appendage        Tmut           0%         N/A       75%         1
 Ensorcelled Hibernation  Hex/Ice        0%         N/A       87%         2
 Wereblood                Tmut           0%         N/A       87%         2
 Ozocubu's Armour         Ice            0%         N/A       98%         3
 Spider Form              Tmut/Pois      0%         N/A       98%         3
 Anguish                  Hex/Necr       0%         N/A       100%        4
 Iskenderun's Battlesphe  Conj           0%         2d6       100%        5
 Iron Shot                Conj/Erth      0%         9d1       100%        6
 Ozocubu's Refrigeration  Ice            0%         4d7       100%        7
 Spellforged Servitor     Conj/Summ      0%         N/A       100%        7


Dungeon Overview and Level Annotations

Branches:
Dungeon (8/15)             Temple (1/1) D:6         Ossuary (visited)
 Bailey (visited)
   Lair: D:8-11

Altars:
Ashenzari
Dithmenos
Elyvilon
Gozag
Hepliaklqana
Makhleb
Trog
Uskayaw
Vehumet
Wu Jian

Annotations:
D:4 2 transporters, turdburglar's ghost, novice MiFi
D:8 Psyche


Innate Abilities, Weirdness & Mutations

You are too large for most types of armour.
You have claws for hands.
Your natural rate of healing is unusually fast.
You are covered in fur. (AC +1)
You have tough skin. (AC +1)


Message History

You barely miss the sixfirhy. You closely miss the sixfirhy.
You miss the sixfirhy. The sixfirhy hits you! The sixfirhy shocks you!
The sixfirhy closely misses you.
You closely miss the sixfirhy. The sixfirhy hits you! The sixfirhy shocks you!
The sixfirhy hits you! The sixfirhy shocks you!
* * * LOW HITPOINT WARNING * * *
The sixfirhy hits you.
* * * LOW HITPOINT WARNING * * *
The sixfirhy shocks you!
* * * LOW HITPOINT WARNING * * *
The smoke demon gestures at you. The sticky flame misses you.
You block the sixfirhy's attack.
You feel much better. You block the sixfirhy's attack.
The sixfirhy closely misses you. The smoke demon gestures at you.
The sticky flame hits you. You resist.
You are covered in liquid flames!
Blink to where?
Press: ? - help, Dir - move target
As you read the scroll of blinking, it crumbles to dust.
You are covered in liquid flames!
As you read the scroll of teleportation, it crumbles to dust.
You feel strangely unstable.
You feel the power of the Abyss delaying your translocation!
You are covered in liquid flames!
You are covered in liquid flames!
* * * LOW HITPOINT WARNING * * *
The sixfirhy hits you!
* * * LOW HITPOINT WARNING * * *
The sixfirhy shocks you!
* * * LOW HITPOINT WARNING * * *
Okay, then.
Aiming: Wall Jump
Press: ? - help, Dir - move target You repeatedly attack the sixfirhy from above.
You barely miss the sixfirhy. You miss the sixfirhy. The sixfirhy hits you.
* * * LOW HITPOINT WARNING * * *
The sixfirhy shocks you!
You die...

.## .### # ## ##
.# # .. ... .#
###.## .... #.#
#.##..### #.. ..#
# ..###..# # ##
.##....##°○3###...
.# .
#####..○@°....#
#.....
##..3#.○○##.#...
.####...#.#....#.
#...3.##...... . .
..#.... ##.##.#..
# .####### ..#
.... .# #.#. ## ..
.## ## .# .. . #.


You could see a sixfirhy and a smoke demon.

Vanquished Creatures
  2 two-headed ogres
  An ugly thing (D:7)
  Grinder (D:3)
  5 yaks (D:7)
  A neqoxec (Abyss:1)
  A water moccasin (D:7)
  3 ice beasts
  An orc warrior (Bailey)
  2 black bears
  2 centaurs
  A phantom (D:6)
  4 bullfrogs
  A necrophage (D:7)
  A scorpion (D:4)
  A crimson imp (D:5)
  3 hounds
  A jelly (D:6)
  2 orc priests
  A gnoll bouda (D:6)
  Jessica (D:2)
  2 iguanas
  3 orc wizards
  8 mummies (Ossuary)
  18 gnolls
  8 adders
  2 shadow imps
  An ufetubus (D:5)
  A worm zombie (D:5)
  2 worms
  2 dart slugs
  27 orcs
  9 ball pythons
  6 bats
  3 endoplasms
  2 giant cockroaches
  7 goblins
  7 hobgoblins
  6 jackals (D:4)
  6 kobolds
  A quokka (D:1)
  3 frilled lizards
  4 gnoll zombies (Ossuary)
  A hobgoblin zombie (Ossuary)
  2 kobold zombies (Ossuary)
  An orc zombie (Ossuary)
  3 rats
170 creatures vanquished.

Notes
Turn   | Place    | Note
-------+----------+-------------------------------------------
     0 | D:1      | whiskeysaurus the Troll Fighter began the quest for the
                  | Orb.
     0 | D:1      | Reached XP level 1. HP: 22/22 MP: 0/0
   126 | D:1      | Reached XP level 2. HP: 29/29 MP: 1/1
   602 | D:2      | Reached skill level 3 in Unarmed Combat
   602 | D:2      | Reached XP level 3. HP: 36/36 MP: 2/2
   875 | D:2      | Noticed Jessica
   884 | D:2      | Killed Jessica
   885 | D:2      | Reached XP level 4. HP: 38/44 MP: 3/3
  1438 | D:3      | Noticed Grinder
  1517 | D:3      | Killed Grinder
  1518 | D:3      | Reached skill level 4 in Unarmed Combat
  1518 | D:3      | Reached XP level 5. HP: 31/53 MP: 4/4
  1518 | D:3      | Reached XP level 6. HP: 36/61 MP: 5/5
  1732 | D:4      | Reached skill level 5 in Unarmed Combat
  1837 | D:4      | Reached XP level 7. HP: 63/68 MP: 6/6
  2290 | D:4      | Found a transporter.
  2299 | D:4      | Found a transporter.
  2299 | D:4      | Noticed turdburglar's ghost (novice MiFi)
  2848 | D:5      | Entered Level 5 of the Dungeon
  2870 | D:5      | Reached skill level 6 in Unarmed Combat
  3031 | D:5      | Found a burning altar of Makhleb.
  3032 | D:5      | Found a radiant altar of Vehumet.
  3036 | D:5      | Identified the +3 leather armour "Detierch" {rElec rC+
                  | Will+ Slay+3}
  3376 | D:5      | Found a sand-covered staircase.
  3389 | Ossuary  | Entered an ossuary
  3430 | Ossuary  | Reached XP level 8. HP: 26/79 MP: 7/7
  3502 | Ossuary  | Reached skill level 5 in Shields
  3792 | D:6      | Found a staircase to the Ecumenical Temple.
  3803 | D:6      | Reached skill level 7 in Unarmed Combat
  3821 | Temple   | Entered the Ecumenical Temple
  3826 | Temple   | Became a worshipper of the Wu Jian Council
  4100 | D:6      | Reached skill level 5 in Fighting
  4196 | D:6      | Reached skill level 8 in Unarmed Combat
  4622 | D:7      | Reached XP level 9. HP: 82/88 MP: 8/8
  4628 | D:7      | Reached * piety under Wu Jian
  4638 | D:7      | Reached skill level 9 in Unarmed Combat
  4818 | D:7      | Found a flagged portal.
  4835 | Bailey   | Entered a bailey
  5143 | Bailey   | Reached ** piety under Wu Jian
  5205 | D:7      | Noticed a green ugly thing
  5240 | D:7      | Killed a green ugly thing
  5241 | D:7      | Reached skill level 10 in Unarmed Combat
  5410 | D:7      | Noticed a two-headed ogre
  5470 | D:7      | Killed a two-headed ogre
  5471 | D:7      | Reached XP level 10. HP: 73/100 MP: 9/9
  5767 | D:8      | Noticed a two-headed ogre
  5773 | D:8      | Killed a two-headed ogre
  5820 | D:8      | Noticed Psyche
  5833 | Abyss:1  | Cast into level 1 of the Abyss (Psyche)
  5878 | Abyss:1  | Found a hide-covered altar of Uskayaw.
  6018 | Abyss:1  | Found a sparkling altar of Nemelex Xobeh.
  6089 | Abyss:1  | Noticed a great orb of eyes
  6133 | Abyss:1  | Noticed a smoke demon
  6145 | Abyss:1  | Noticed a sixfirhy
  6155 | Abyss:1  | Slain by a sixfirhy

Illustrated notes

Levels and vault maps discovered:
D:1:      minmay_arrival_plants_in_alcoves, layout_rooms,
          minmay_misc_feat_rugged, hangedman_decor_push
D:2:      layout_basic, uniq_jessica
D:3:      layout_rooms, kennysheep_generic_room_14, uniq_grinder
D:4:      layout_layer_cave, gammafunk_ghost_arena
D:5:      layout_loops_ring, grunt_temple_overflow_lords_of_destruction,
          enter_ossuary_3, fountainhead
D:6:      minmay_inner_zag, layout_rooms, minmay_temple_entry_statues_fountains
D:7:      layout_loops_ring, lightli_bailey_entry_fortress
D:8:      layout_loops_corners, nicolae_overflow_hallway_of_the_gods, hex_tiny,
          uniq_maurice, uniq_psyche
Temple:   hellmonk_temple_two_chambers
Abyss:1:  base: D:6, abyss_exit_lava

Skill      XL: |  1  2  3  4  5  6  7  8  9 |
---------------+----------------------------+-----
Shields        | 3 4 6 7 |  7.4
Unarmed Combat | 3 4 5 6 8 10 | 10.9
Fighting       | 3 4 5 6 |  6.8
Dodging        | |  2.4

Action                   |  1- 3 |  4- 6 |  7- 9 | 10-12 || total
-------------------------+-------+-------+-------+-------++-------
Melee: Unarmed           |    75 |   117 |   303 |    18 ||   513
Throw: Stone             |       |       |     5 |     1 ||     6
Invok: Lunge             |       |       |    36 |     1 ||    37
       Whirlwind         |       |       |     2 |     1 ||     3
 Abil: Wall Jump         |       |       |       |     2 ||     2
  Use: Potion            |       |     1 |     1 |     1 ||     3
       Scroll            |       |       |    13 |     3 ||    16
 Stab: Sleeping          |     1 |       |     3 |       ||     4
Armor: Robe              |    26 |    40 |    45 |     1 ||   112
Dodge: Dodged            |    29 |    48 |    72 |     5 ||   154
Block: Kite shield       |    22 |    41 |    91 |     6 ||   160
